[Event "Late-Titled-Tuesday-Blitz-February-27-2024"]
[Site "Chess.com"]
[Date "2024.02.27"]
[Round "4"]
[White "Jospem"]
[Black "Lady_Nika"]
[Result "1-0"]
[WhiteElo "3072"]
[BlackElo "2568"]
[TimeControl "180+1"]
[EndTime "14:37:22 PST"]
[Termination "Jospem won by resignation"]

1. e4 c6 2. d4 d5 3. e5 Bf5 4. h4 h5 5. Bd3 Bxd3 6. Qxd3 e6 7.
Nf3 g6 8. O-O Bh6 9. Bg5 Bxg5 10. Nxg5 Ne7 11. Nd2 Nf5 12. Ndf3 Kf8 13. b3 Kg7 14. g3 Na6 15. c4 dxc4 16. bxc4 Qd7 17. Rad1 Rhd8 18. Qd2 Nc7 19. Ne4 Qe7 20. c5 Nb5 21. Nd6 a6 22. a4 Na7 23. Rb1 Rd7 24.
Ng5 Nxd6 25. cxd6 Qd8 26. Ne4 b6 27. Qf4 a5 28. Rfc1 Rb8 29. Rc3 b5 30. Nc5 b4 31. Rf3 Rbb7 32. Qxf7+ Rxf7 33. Nxe6+ Kg8 34. Nxd8 Rxf3 35. Nxb7 Rf7 36. Nxa5 Rd7 37. Rxb4 Kf7 38. Nb7 c5 39. Nxc5 1-0

[Event "Late-Titled-Tuesday-Blitz-February-27-2024"]
[Site "Chess.com"]
[Date "2024.02.27"]
[Round "4"]
[White "MKlose11"]
[Black "stollenmonster"]
[Result "0-1"]
[WhiteElo "2598"]
[BlackElo "2866"]
[TimeControl "180+1"]
[EndTime "14:37:41 PST"]
[Termination "stollenmonster won by resignation"]

1. e4 c5 2. Nc3 Nc6 3. g3 g6 4. Bg2 Bg7 5. d3 e6 6. Be3 Qb6 7. Rb1 Nge7 8. Nge2 Nd4 9. O-O O-O 10. Qd2 Re8 11.
Nd1 d5 12. c3 Nxe2+ 13. Qxe2 Bd7 14. Qc2 Rac8 15. Qd2 Bb5 16. b4 Qa6 17. Nb2 cxb4 18. cxb4 dxe4 19. Bxe4 Qxa2 20. Bxb7 Rcd8 21. Be4 Nd5 22.
Bh6 Bxh6 23. Qxh6 Nc3 24. Ra1 Qxb2 25. Rxa7 Nxe4 26. dxe4 Bxf1 0-1

[Event "Late-Titled-Tuesday-Blitz-February-27-2024"]
[Site "Chess.com"]
[Date "2024.02.27"]
[Round "4"]
[White "MusicCityMaster"]
[Black "Fonsofan"]
[Result "0-1"]
[WhiteElo "2558"]
[BlackElo "2756"]
[TimeControl "180+1"]
[EndTime "14:37:43 PST"]
[Termination "Fonsofan won by resignation"]

1. d4 d6 2. Nf3 Bg4 3. Nbd2 Nc6 4. c4 e5 5. d5 Nce7 6. Qb3 b6 7. e4 g6 8. h3 Bd7 9. g3 Bh6 10. Bg2 f5 11. O-O Nf6 12. Re1 O-O 13. exf5 gxf5 14. c5 bxc5 15. Nxe5 Rb8 16. Qc3 dxe5 17. Qxe5 Ng6 18.
Qc3 Re8 19. Rxe8+ Qxe8 20. Nc4 Bg7 21. Be3 Ng4 22. Qd2 Nxe3 23. fxe3 Ne5 24. Na5 Rxb2 25.
Qc1 Nd3 0-1

[Event "Late-Titled-Tuesday-Blitz-February-27-2024"]
[Site "Chess.com"]
[Date "2024.02.27"]
[Round "4"]
[White "ProChessWICTH"]
[Black "AlexPapasimakopoulos"]
[Result "1-0"]
[WhiteElo "2561"]
[BlackElo "2725"]
[TimeControl "180+1"]
[EndTime "14:37:43 PST"]
[Termination "ProChessWICTH won by resignation"]

1. d4 Nf6 2. c4 e6 3. Nc3 Bb4 4. Bg5 h6 5. Bh4 c5 6. e3 Qa5 7. Rc1 Ne4 8. Qc2 d5 9. cxd5 exd5 10. Bd3 O-O 11. Ne2 f5 12. dxc5 Qxc5 13. O-O Nc6 14.
Nxd5 Qxc2 15. Bxc2 Bd6 16. f3 Ng5 17. Rfd1 Nf7 18.
Bb3 Na5 19. Nf6+ gxf6 20. Bxf7+ Rxf7 21. Rxd6 Nc6 22. Nf4 Rd7 23. Rxf6 Kh7 24. Rf8 Rg7 25. Bf6 a6 26. Bxg7 Kxg7 27. Ne6+ Kg6 28. Kf2 Rb8 29. Nd4 Ne5 30. Rcxc8 1-0

[Event "Late-Titled-Tuesday-Blitz-February-27-2024"]
[Site "Chess.com"]
[Date "2024.02.27"]
[Round "4"]
[White "Pelusiansky"]
[Black "nobodyperfect13"]
[Result "1-0"]
[WhiteElo "2544"]
[BlackElo "2185"]
[TimeControl "180+1"]
[EndTime "14:37:53 PST"]
[Termination "Pelusiansky won by resignation"]

1. d4 Nf6 2. c4 e6 3. Nc3 Bb4 4. e3 O-O 5. Bd3 c5 6. Ne2 d5 7. cxd5 exd5 8. dxc5 Na6 9. O-O Nxc5 10. Bc2 Bg4 11. f3 Bh5 12. Qd4 Bxc3 13. Nxc3 Ne6 14. Qd2 Bg6 15. Bxg6 hxg6 16. Ne2 d4 17. Nxd4 Nxd4 18.
exd4 Nd5 19. b3 Qd7 20. Bb2 Rfe8 21. Rfe1 Qf5 22. Re5 Qd7 23. Rae1 f6 24. R5e4 Rec8 25. h4 Rc6 26. Rc1 Rac8 27. Rxc6 Qxc6 28. Qe2 Kf7 29.
h5 gxh5 30. f4 Qc2 31. Qxh5+ Kg8 32. Re8+ Rxe8 33. Qxe8+ Kh7 34. Qh5+ Kg8 35. Qxd5+ 1-0

[Event "Late-Titled-Tuesday-Blitz-February-27-2024"]
[Site "Chess.com"]
[Date "2024.02.27"]
[Round "4"]
[White "OverallStranger"]
[Black "rdarruda"]
[Result "1-0"]
[WhiteElo "2387"]
[BlackElo "2506"]
[TimeControl "180+1"]
[EndTime "14:37:54 PST"]
[Termination "OverallStranger won by checkmate"]

1. e4 c5 2. Nc3 e6 3. f4 Nc6 4. Nf3 d6 5. Bb5 Bd7 6. O-O Nf6 7. d3 Be7 8. Qe1 a6 9. Bxc6 Bxc6 10. e5 Nd5 11.
exd6 Qxd6 12. Ne4 Qc7 13. Ne5 O-O 14. Nxc6 Qxc6 15. f5 e5 16. Qg3 f6 17. Qg4 Rac8 18. c4 Nb4 19. Rf3 Nc2 20. Rb1 Rf7 21. Rh3 Bf8 22.
Qh5 h6 23. Qg6 Rcc7 24. Rxh6 Rfd7 25. Qh7+ Kf7 26. Rxf6+ Qxf6 27. Nxf6 Kxf6 28. Qg6+ Ke7 29. Bg5# 1-0

[Event "Late-Titled-Tuesday-Blitz-February-27-2024"]
[Site "Chess.com"]
[Date "2024.02.27"]
[Round "4"]
[White "krucki03"]
[Black "KATPAH"]
[Result "0-1"]
[WhiteElo "2517"]
[BlackElo "2654"]
[TimeControl "180+1"]
[EndTime "14:37:55 PST"]
[Termination "KATPAH won by resignation"]

1. e4 e5 2. Nf3 d6 3. a4 Nf6 4. Nc3 Nc6 5. a5 a6 6. Bc4 Be7 7. d3 O-O 8. h3 Be6 9. O-O Nd4 10. Be3 c5 11. Nd5 Bxd5 12. exd5 Nd7 13. c3 Nxf3+ 14.
Qxf3 f5 15. b4 e4 16. dxe4 Ne5 17. Qe2 f4 18. Bd2 f3 19. gxf3 Rxf3 20. Kg2 Bg5 21. Ba2 Bxd2 22. Qxd2 Qh4 23. Rh1 Raf8 24. Raf1 Nd3 0-1

[Event "Late-Titled-Tuesday-Blitz-February-27-2024"]
[Site "Chess.com"]
[Date "2024.02.27"]
[Round "4"]
[White "Inepton_Fermion"]
[Black "DefiantChair"]
[Result "0-1"]
[WhiteElo "2438"]
[BlackElo "2658"]
[TimeControl "180+1"]
[EndTime "14:38:02 PST"]
[Termination "DefiantChair won on time"]

1. d4 Nf6 2. Nc3 d5 3. Bg5 c6 4. e3 Bf5 5. Bxf6 exf6 6. Bd3 Bxd3 7. Qxd3 Bd6 8. Nge2 O-O 9. O-O-O Nd7 10. g4 Re8 11. h4 b5 12. g5 a5 13. Rdg1 a4 14.
Ng3 b4 15. Nce2 b3 16. a3 c5 17. Nf5 Bf8 18. Nf4 c4 19. Qe2 g6 20. Nxd5 Ra5 21.
Qxc4 Ne5 22. Nxf6+ Qxf6 23. dxe5 Qxf5 24. Rg4 Rc8 25. Qe4 Rxc2+ 26. Kd1 Qxf2 0-1

[Event "Late-Titled-Tuesday-Blitz-February-27-2024"]
[Site "Chess.com"]
[Date "2024.02.27"]
[Round "4"]
[White "mac0504"]
[Black "Capablanca_Oujda_2021"]
[Result "1-0"]
[WhiteElo "2708"]
[BlackElo "2528"]
[TimeControl "180+1"]
[EndTime "14:38:09 PST"]
[Termination "mac0504 won by resignation"]

1. c4 Nf6 2. Nc3 e6 3. e4 d6 4. d4 g6 5. f4 Bg7 6. Nf3 O-O 7. Be3 Nbd7 8. Qd2 a6 9. h3 Rb8 10. e5 Nh5 11. Ne2 dxe5 12. dxe5 Bh8 13. g4 Ng7 14.
O-O-O f6 15. Bg2 fxe5 16. Nxe5 Rf7 17. Nxf7 Kxf7 18. Rhf1 Qe7 19. Nd4 Kg8 20. f5 exf5 21. Bd5+ Kf8 22. gxf5 Nf6 23. fxg6 hxg6 24. Bh6 c6 25. Rde1 Qd6 26. Rxf6+ Qxf6 27. Qb4+ 1-0

[Event "Late-Titled-Tuesday-Blitz-February-27-2024"]
[Site "Chess.com"]
[Date "2024.02.27"]
[Round "4"]
[White "kripri"]
[Black "lilylg"]
[Result "1-0"]
[WhiteElo "2352"]
[BlackElo "2142"]
[TimeControl "180+1"]
[EndTime "14:38:12 PST"]
[Termination "kripri won by resignation"]

1. e4 c6 2. d4 d5 3. e5 Bf5 4. Nf3 e6 5. Be2 c5 6. Be3 Nc6 7. O-O Qb6 8. Nc3 Qxb2 9. Nb5 Rc8 10. dxc5 Nxe5 11. Nxe5 Qxe5 12. Nxa7 Ra8 13. Bb5+ Kd8 14. c6 Rxa7 15. Bxa7 bxc6 16. Bxc6 Qc7 17. Bxd5 exd5 18. Qxd5+ Ke8 19. Qxf5 Bd6 20. Rfe1+ Ne7 21. Qb5+ Kf8 22.
Bb6 Qb8 23. Rad1 g6 24. Rxd6 Qxd6 25. Bc5 1-0

[Event "Late-Titled-Tuesday-Blitz-February-27-2024"]
[Site "Chess.com"]
[Date "2024.02.27"]
[Round "4"]
[White "robertoalejandro10"]
[Black "ckgchess"]
[Result "0-1"]
[WhiteElo "2601"]
[BlackElo "2875"]
[TimeControl "180+1"]
[EndTime "14:38:20 PST"]
[Termination "ckgchess won by resignation"]

1. Nf3 g6 2. g3 Bg7 3. Bg2 c5 4. O-O d5 5. c4 d4 6. d3 Nc6 7. Na3 e5 8. Nc2 Nge7 9. Rb1 a5 10.
b3 O-O 11. a3 Qc7 12. b4 b6 13. b5 Nd8 14. Nxe5 Bxe5 15. Bxa8 Nb7 16. f4 Bg7 17. e4 dxe3 18. Bxe3 Qb8 19. Bxb7 Bxb7 20. Qe2 Nf5 21. Rbd1 Re8 22. Qf2 Nxe3 23. Nxe3 Rxe3 24. Rfe1 Rxe1+ 25. Rxe1 Bd4 0-1

[Event "Late-Titled-Tuesday-Blitz-February-27-2024"]
[Site "Chess.com"]
[Date "2024.02.27"]
[Round "4"]
[White "ATM622"]
[Black "Korchmar_Vasiliy"]
[Result "0-1"]
[WhiteElo "2524"]
[BlackElo "2699"]
[TimeControl "180+1"]
[EndTime "14:38:20 PST"]
[Termination "Korchmar_Vasiliy won by resignation"]

1. d4 d5 2. c4 c6 3. Nf3 Nf6 4. Nbd2 Bg4 5. Ne5 Be6 6. e3 g6 7. Qb3 Qb6 8. c5 Qc7 9. Be2 Bg7 10. O-O O-O 11. Ndf3 Ne4 12. Bd3 Nxc5 13. dxc5 Bxe5 14. Nxe5 Qxe5 15. Qxb7 Nd7 16. Qb4 Rfb8 17. Qd4 Qxd4 18.
exd4 Rb4 19. Be3 Rxb2 20. f4 Bf5 21. Bxf5 gxf5 22. Rf3 Rab8 23. Raf1 Rxa2 24. Rg3+ Kh8 25. Rg5 e6 26. h4 Nf6 27. Bc1 Ng4 28. h5 h6 29.
Rxg4 fxg4 30. f5 Rb1 31. fxe6 fxe6 32. Bxh6 Rxf1+ 33. Kxf1 a5 34. Ke1 Rxg2 35. Kd1 a4 36.
Kc1 a3 37. Kb1 a2+ 38. Ka1 Re2 39. Bf4 Kh7 40. h6 Kg6 41. h7 Kxh7 42. Bg3 Kg6 43. Bf4 Kf5 44. Bg3 Ke4 45. Be5 Kd3 46.
Bf4 Kc4 47. Bg3 Kb3 48. Bh4 Rh2 49. Be1 g3 50. Bf2 Rh1+ 0-1

[Event "Late-Titled-Tuesday-Blitz-February-27-2024"]
[Site "Chess.com"]
[Date "2024.02.27"]
[Round "4"]
[White "Fjal"]
[Black "aistrel"]
[Result "0-1"]
[WhiteElo "2283"]
[BlackElo "2550"]
[TimeControl "180+1"]
[EndTime "14:38:22 PST"]
[Termination "aistrel won by resignation"]

1. Nf3 d5 2. g3 Nc6 3. d4 Bf5 4.
Bg2 Nb4 5. Na3 e6 6. O-O h5 7. h4 Nf6 8. c3 Nc6 9. Nc2 Ne4 10. Ng5 Nd6 11. Re1 Be7 12. e4 dxe4 13. Nxe4 Nxe4 14. Bxe4 Bxe4 15. Rxe4 Qd5 16. Qe2 O-O-O 17. a4 g5 18.
hxg5 Bxg5 19. Bxg5 Qxg5 20. Rh4 Rdg8 21. Kh2 Ne7 22.
Ne3 Ng6 23. Rh3 h4 24. Qg4 hxg3+ 25. Kg2 Nf4+ 26. Kf3 Nxh3 0-1

[Event "Late-Titled-Tuesday-Blitz-February-27-2024"]
[Site "Chess.com"]
[Date "2024.02.27"]
[Round "4"]
[White "BogdanDeac"]
[Black "ozates"]
[Result "1-0"]
[WhiteElo "2951"]
[BlackElo "2613"]
[TimeControl "180+1"]
[EndTime "14:38:24 PST"]
[Termination "BogdanDeac won by resignation"]

1. d4 Nf6 2. Nf3 d5 3. c4 c6 4.
Nc3 e6 5. Bg5 Nbd7 6. e3 Qa5 7.
Nd2 Bb4 8. Qc2 dxc4 9. Bxf6 Nxf6 10. Nxc4 Qc7 11. g3 c5 12. Bg2 Bd7 13. Qb3 O-O 14. O-O Bxc3 15. bxc3 Rab8 16. Ne5 b5 17. Nxd7 Nxd7 18. Rfc1 c4 19. Qb2 a5 20. Rab1 Rfc8 21.
Qc2 Qd6 22. Qe2 Qa3 23. Qb2 Qd6 24. h3 g6 25. Kh2 b4 26. Qc2 Nb6 27. e4 e5 28. dxe5 Qxe5 29. cxb4 axb4 30. Rxb4 Qc5 31. a3 c3 32. Rb3 Na4 33. Rxb8 Rxb8 34. Qxa4 Qxf2 35. Qc2 1-0

[Event "Late-Titled-Tuesday-Blitz-February-27-2024"]
[Site "Chess.com"]
[Date "2024.02.27"]
[Round "4"]
[White "bazar-wokzal"]
[Black "SilverSwords13"]
[Result "0-1"]
[WhiteElo "2615"]
[BlackElo "2476"]
[TimeControl "180+1"]
[EndTime "14:38:26 PST"]
[Termination "SilverSwords13 won by checkmate"]

1. e4 c5 2. c3 Nf6 3. e5 Nd5 4. d4 cxd4 5. cxd4 e6 6. Nc3 Nxc3 7. bxc3 d6 8. f4 Qc7 9. Bd2 Be7 10. Nf3 O-O 11.
Bd3 b6 12. h4 Ba6 13. Bxh7+ Kxh7 14. Ng5+ Kg8 15. Rh3 g6 16. Qg4 Qc4 17. Kf2 dxe5 18. fxe5 Nd7 19. h5 Nxe5 20. Qe4 Nd3+ 21. Kg1 Qd5 22. Qh4 Kg7 23. Rf1 Ne5 24. dxe5 Bxf1 25. hxg6 Qxg2# 0-1

[Event "Late-Titled-Tuesday-Blitz-February-27-2024"]
[Site "Chess.com"]
[Date "2024.02.27"]
[Round "4"]
[White "Peroncio"]
[Black "sergiochess83"]
[Result "0-1"]
[WhiteElo "2419"]
[BlackElo "2893"]
[TimeControl "180+1"]
[EndTime "14:38:26 PST"]
[Termination "sergiochess83 won by resignation"]

1. e4 e6 2. d4 d5 3. Nc3 Nf6 4. e5 Nfd7 5. Nce2 c5 6. c3 Nc6 7.
f4 b5 8. Nf3 a5 9. h4 Ba6 10. Be3 b4 11. Kf2 Be7 12. h5 O-O 13. g4 f6 14. Kg2 Rb8 15. f5 fxe5 16. fxe6 Nf6 17. dxe5 Nxg4 18. Bg1 bxc3 19. bxc3 Ncxe5 20.
Nxe5 Nxe5 21. h6 d4 22. Ng3 Qd5+ 23. Kh2 Rb2+ 24. Kh3 Bxf1+ 0-1

[Event "Late-Titled-Tuesday-Blitz-February-27-2024"]
[Site "Chess.com"]
[Date "2024.02.27"]
[Round "4"]
[White "LyonBeast"]
[Black "temus_galaktionov"]
[Result "1-0"]
[WhiteElo "3136"]
[BlackElo "2909"]
[TimeControl "180+1"]
[EndTime "14:38:27 PST"]
[Termination "LyonBeast won by resignation"]

1. e4 c6 2. Nf3 g6 3. h4 Bg7 4. h5 d6 5. d4 Bg4 6. h6 Bf6 7. c3 Nd7 8. Nbd2 e5 9. Be2 Be7 10. Qc2 Qc7 11. dxe5 dxe5 12. Nc4 Ngf6 13. Bg5 O-O 14.
Ne3 Be6 15. Bh4 Rfe8 16. Ng5 Nf8 17. Nxe6 Nxe6 18. Bc4 Nc5 19. Bxf6 Bxf6 20. b4 Nd7 21. Rd1 Bg5 22. Qe2 Nb6 23. Bb3 a5 24. bxa5 Rxa5 25.
Ng4 Raa8 26. O-O Rad8 27. a4 Nc8 28. Qf3 Qe7 29. Nxe5 Qxe5 30. Rxd8 Rxd8 31. Qxf7+ Kh8 32. f4 Bxf4 33. Rxf4 Nd6 34. Qf8+ 1-0

[Event "Late-Titled-Tuesday-Blitz-February-27-2024"]
[Site "Chess.com"]
[Date "2024.02.27"]
[Round "4"]
[White "Ali_rastbod"]
[Black "DanylaBagrov"]
[Result "1-0"]
[WhiteElo "2715"]
[BlackElo "2531"]
[TimeControl "180+1"]
[EndTime "14:38:29 PST"]
[Termination "Ali_rastbod won by resignation"]

1. Nf3 d6 2. c4 f5 3. Nc3 Nf6 4. g3 e5 5. Bg2 Be7 6. O-O O-O 7. d3 c6 8. Rb1 a5 9. a3 h6 10. b4 axb4 11. axb4 g5 12. b5 f4 13. bxc6 Nxc6 14. Nd2 h5 15. Nde4 h4 16. Nxg5 hxg3 17. hxg3 Ng4 18. Bd5+ Kg7 19. Ne6+ Bxe6 20. Bxe6 Nxf2 21.
Rxf2 Nd4 22. Bd5 fxg3 23. Rxf8 Qxf8 24. Qf1 Qxf1+ 25. Kxf1 Rf8+ 26. Kg2 Rf2+ 27. Kxg3 Rf1 28. Bh6+ Kxh6 29. Rxf1 Kg5 30. Ne4+ Kg6 31. e3 Nf5+ 32. Kf3 Nh4+ 33. Ke2 1-0

[Event "Late-Titled-Tuesday-Blitz-February-27-2024"]
[Site "Chess.com"]
[Date "2024.02.27"]
[Round "4"]
[White "grzechu96"]
[Black "Truequitos"]
[Result "1-0"]
[WhiteElo "2758"]
[BlackElo "2564"]
[TimeControl "180+1"]
[EndTime "14:38:36 PST"]
[Termination "grzechu96 won by resignation"]

1. e4 e6 2. d4 d5 3. Nc3 Bb4 4. exd5 exd5 5. Bd3 Nf6 6. Ne2 O-O 7. O-O c5 8. dxc5 Bxc5 9. Bg5 Nc6 10. Nxd5 Qxd5 11. Bxf6 Qh5 12. Bc3 Bg4 13. Qd2 Rad8 14. Ng3 Qh4 15. Rae1 Bd6 16. h3 Bc8 17. Re4 Qh6 18.
Qxh6 gxh6 19. Nh5 f5 20. Bc4+ 1-0

[Event "Late-Titled-Tuesday-Blitz-February-27-2024"]
[Site "Chess.com"]
[Date "2024.02.27"]
[Round "4"]
[White "HandKnit"]
[Black "pinguino120"]
[Result "1-0"]
[WhiteElo "2520"]
[BlackElo "2368"]
[TimeControl "180+1"]
[EndTime "14:38:42 PST"]
[Termination "HandKnit won by resignation"]

1. e4 c6 2. d4 d5 3. Nc3 dxe4 4. Nxe4 Nf6 5. Ng3 Bg4 6. Be2 Bxe2 7. N1xe2 e6 8. Bf4 Bd6 9. Qd2 O-O 10. O-O Bxf4 11. Qxf4 Nbd7 12. c3 Qb6 13. b3 c5 14. dxc5 Nxc5 15.
Rad1 Rfd8 16. Qc4 h6 17. Nd4 Rac8 18. Qe2 Nd5 19. Qg4 Nxc3 20. Rde1 Nd7 21. Nh5 g6 22.
Rxe6 Ne5 23. Rxe5 Rxd4 24. Qxc8+ Kh7 25. Qxc3 gxh5 26. Qe3 1-0

[Event "Late-Titled-Tuesday-Blitz-February-27-2024"]
[Site "Chess.com"]
[Date "2024.02.27"]
[Round "4"]
[White "Orion2127989"]
[Black "IsaacWiebe"]
[Result "0-1"]
[WhiteElo "2143"]
[BlackElo "2367"]
[TimeControl "180+1"]
[EndTime "14:38:42 PST"]
[Termination "IsaacWiebe won by resignation"]

1. d4 e6 2. Nf3 f5 3. c4 Nf6 4.
Nc3 Bb4 5. Bd2 Bxc3 6. Bxc3 Ne4 7. Qc2 d6 8. e3 O-O 9. Bd3 Nxc3 10. Qxc3 Nd7 11.
O-O Nf6 12. Qc2 Bd7 13. b4 Bc6 14. Be2 Qe8 15. b5 Be4 16. Qb2 Qg6 17. c5 Nd5 18. g3 f4 19. Nh4 Qg5 20. Bf3 fxg3 21. fxg3 Qxe3+ 22. Qf2 Qxf2+ 23. Rxf2 Bxf3 24. Rxf3 g5 25. Rxf8+ Rxf8 26. Ng2 Nc3 0-1

[Event "Late-Titled-Tuesday-Blitz-February-27-2024"]
[Site "Chess.com"]
[Date "2024.02.27"]
[Round "4"]
[White "WPWPWP-2015"]
[Black "mishanick"]
[Result "0-1"]
[WhiteElo "2427"]
[BlackElo "3054"]
[TimeControl "180+1"]
[EndTime "14:38:48 PST"]
[Termination "mishanick won by resignation"]

1. e4 c5 2. Nf3 e6 3. b3 Nc6 4.
Bb5 Nge7 5. O-O a6 6. Bxc6 Nxc6 7. Bb2 d5 8. exd5 exd5 9. d4 Be7 10. dxc5 O-O 11. h3 Bxc5 12. Nc3 d4 13. Ne2 d3 14. Qxd3 Qxd3 15. cxd3 Re8 16. Nf4 Bf5 17. a3 Rad8 18.
Rfe1 f6 19. g4 Bc8 20. Rxe8+ Rxe8 21. Re1 Rd8 22. d4 Bd6 23. Ne6 Bxe6 24. Rxe6 Ne7 25. g5 Nd5 26. gxf6 gxf6 27. Bc1 Kf7 28. Re1 Rc8 29. Nd2 Rc2 30. Nc4 Bf8 31. Ne3 Nxe3 32. Bxe3 Bxa3 33. d5 Rc3 34. Rd1 Bd6 35. b4 Rc4 36.
Bc5 Bxc5 37. bxc5 Rxc5 38. d6 Rc8 39. Rb1 b5 40. Ra1 Rc6 41. d7 Ke7 42. Rd1 Kd8 43. Kg2 Rb6 44. Kf3 b4 45. Ke4 b3 46. Rb1 Kxd7 47.
Kd4 Rb5 48. Kc4 Ke6 0-1

[Event "Late-Titled-Tuesday-Blitz-February-27-2024"]
[Site "Chess.com"]
[Date "2024.02.27"]
[Round "4"]
[White "DonkyDonkyDonkey"]
[Black "aghasiyevkamal"]
[Result "0-1"]
[WhiteElo "2891"]
[BlackElo "2624"]
[TimeControl "180+1"]
[EndTime "14:38:50 PST"]
[Termination "aghasiyevkamal won by resignation"]

1. e4 e5 2. Nf3 Nc6 3. Nc3 Nf6 4.
h3 Bb4 5. Bd3 d6 6. O-O a6 7. a3 Bc5 8. b4 Bb6 9. Bc4 O-O 10. d3 h6 11. Be3 Bxe3 12. fxe3 Be6 13. Nd2 d5 14. exd5 Nxd5 15. Bxd5 Bxd5 16. Nde4 Bxe4 17. Nxe4 f5 18. Nc5 Qg5 19. Qf3 Rae8 20. Qd5+ Kh7 21. Rf3 Rd8 22. Qc4 e4 23. Ne6 Qf6 24.
Nxf8+ Rxf8 25. Rf2 Qxa1+ 26. Kh2 Qe5+ 27. g3 exd3 28.
Qxd3 Rf6 29. c4 Qe4 30. Qc3 Rd6 31. Rf4 Qb1 32. g4 Rd3 0-1

[Event "Late-Titled-Tuesday-Blitz-February-27-2024"]
[Site "Chess.com"]
[Date "2024.02.27"]
[Round "4"]
[White "Charodej1"]
[Black "dosto07"]
[Result "0-1"]
[WhiteElo "2311"]
[BlackElo "2508"]
[TimeControl "180+1"]
[EndTime "14:38:50 PST"]
[Termination "dosto07 won by resignation"]

1. e4 e5 2. Nf3 Nc6 3. Bb5 a6 4.
Ba4 Nf6 5. O-O Be7 6. Re1 b5 7.
Bb3 d6 8. a4 b4 9. a5 O-O 10.
d3 Rb8 11. Bc4 Bg4 12. Nbd2 Qc8 13. h3 Be6 14. c3 bxc3 15. bxc3 Rd8 16. Qa4 Bxc4 17.
Nxc4 Qd7 18. Bg5 h6 19. Bh4 Rb5 20. d4 Nh7 21. Bxe7 Nxe7 22. dxe5 d5 23. Na3 Rc5 24.
Qxd7 Rxd7 25. exd5 Rdxd5 26. c4 Rd3 27. Nc2 Nc6 28.
Nb4 Nxb4 0-1

[Event "Late-Titled-Tuesday-Blitz-February-27-2024"]
[Site "Chess.com"]
[Date "2024.02.27"]
[Round "4"]
[White "Zq1"]
[Black "Schattman"]
[Result "1-0"]
[WhiteElo "2623"]
[BlackElo "2435"]
[TimeControl "180+1"]
[EndTime "14:38:52 PST"]
[Termination "Zq1 won by resignation"]

1. d4 c6 2. Bf4 Nf6 3. e3 g6 4. Nf3 Bg7 5. h3 O-O 6. c4 d6 7. Nc3 Nbd7 8. Bh2 Re8 9. Be2 Qa5 10. O-O e5 11. Rb1 e4 12. Nd2 d5 13. b4 Qd8 14.
cxd5 cxd5 15. Nb5 Nb6 16. Nc7 Bd7 17. b5 Rc8 18. Nxe8 Qxe8 19. a4 h5 20. Qb3 g5 21.
Rfc1 Rxc1+ 22. Rxc1 g4 23. h4 g3 24. Bxg3 Bg4 25. Bxg4 Nxg4 26. a5 Nd7 27. Qxd5 Ndf6 28. Qxb7 Kh7 29. Rc5 Qe6 30. Nc4 Bh6 31. Qc6 Qe7 32.
b6 axb6 33. axb6 1-0

[Event "Late-Titled-Tuesday-Blitz-February-27-2024"]
[Site "Chess.com"]
[Date "2024.02.27"]
[Round "4"]
[White "farzadbfd"]
[Black "Practical-Play"]
[Result "0-1"]
[WhiteElo "2686"]
[BlackElo "2543"]
[TimeControl "180+1"]
[EndTime "14:38:53 PST"]
[Termination "Practical-Play won by resignation"]

1. d4 d5 2. c4 Nf6 3. cxd5 Nxd5 4. e4 Nf6 5. Nc3 e5 6. Nf3 exd4 7. Qxd4 Qxd4 8. Nxd4 a6 9. Bg5 Nbd7 10. Bc4 Bb4 11. O-O O-O 12. f3 b5 13. Bd5 Bxc3 14. bxc3 Nxd5 15.
exd5 Nb6 16. Rad1 Nxd5 17. Nxb5 axb5 18. Rxd5 Rxa2 19. Rxb5 Ba6 20. Rfb1 Bxb5 21. Rxb5 h6 22. Bf4 Rd8 23. h4 Rc2 24. Rc5 Rd3 25. Be5 Rdd2 26. Rxc7 Rxg2+ 27. Kf1 Rgd2 28. Ke1 Ra2 29. Rc8+ Kh7 30.
c4 Re2+ 0-1

[Event "Late-Titled-Tuesday-Blitz-February-27-2024"]
[Site "Chess.com"]
[Date "2024.02.27"]
[Round "4"]
[White "jamengrand"]
[Black "Nf3c5"]
[Result "0-1"]
[WhiteElo "2393"]
[BlackElo "2566"]
[TimeControl "180+1"]
[EndTime "14:38:55 PST"]
[Termination "Nf3c5 won by resignation"]

1. e4 c5 2. Nf3 Nc6 3. d4 cxd4 4. Nxd4 e5 5. Nb5 d6 6. N5a3 f5 7. Nc3 Nf6 8. Bg5 Be7 9. Bxf6 Bxf6 10. Nc4 Nd4 11.
exf5 Bxf5 12. Ne3 Be6 13. Ncd5 Bxd5 14. Nxd5 Qa5+ 15. Nc3 Rc8 16. Bd3 O-O 17. O-O d5 18. Qh5 g6 19. Qh3 e4 20. b4 Qd8 21. Nxe4 dxe4 22. Bxe4 Ne2+ 23. Kh1 Bxa1 24. Rxa1 Qd4 25. Qe6+ Kh8 26. Re1 Rce8 0-1

[Event "Late-Titled-Tuesday-Blitz-February-27-2024"]
[Site "Chess.com"]
[Date "2024.02.27"]
[Round "4"]
[White "GoValya"]
[Black "Bala-Afiada"]
[Result "1-0"]
[WhiteElo "2261"]
[BlackElo "1908"]
[TimeControl "180+1"]
[EndTime "14:38:55 PST"]
[Termination "GoValya won by resignation"]

1. Nf3 d5 2. d4 Nf6 3. g3 c5 4. Bg2 Nc6 5. c3 e6 6. O-O Be7 7. dxc5 Bxc5 8. b4 Be7 9. Nbd2 a6 10. Bb2 b5 11. Nb3 O-O 12. Bc1 Qc7 13. Be3 Ne4 14.
Rc1 Ne5 15. Nxe5 Qxe5 16. Bd4 Qf5 17. Na5 Bf6 18. Nc6 Kh8 19. f3 Ng5 20. Bc5 Re8 21. e4 dxe4 22. fxe4 Qg6 23. e5 Bb7 24. exf6 gxf6 25.
Qe2 Qh6 26. Be7 Nh3+ 27. Kh1 1-0

[Event "Late-Titled-Tuesday-Blitz-February-27-2024"]
[Site "Chess.com"]
[Date "2024.02.27"]
[Round "4"]
[White "AlexeiShirov"]
[Black "elchacal664"]
[Result "1-0"]
[WhiteElo "2846"]
[BlackElo "2417"]
[TimeControl "180+1"]
[EndTime "14:38:57 PST"]
[Termination "AlexeiShirov won by resignation"]

1. e4 c5 2. Nf3 d6 3. d4 cxd4 4.
Nxd4 Nf6 5. Nc3 a6 6. Be3 g6 7. f3 Bg7 8. Qd2 h5 9. Bc4 b5 10. Bd5 Nxd5 11. Nxd5 Bb7 12. O-O-O Nd7 13. Bg5 Bf8 14.
Rhe1 Rc8 15. Kb1 Ne5 16. b3 Nc6 17. Nf5 gxf5 18. exf5 Ne5 19. f4 Bxd5 20. fxe5 dxe5 21. Rxe5 Bc6 22. Qe2 Qc7 23. Bxe7 Bxe7 24. f6 Kf8 25. fxe7+ Ke8 26. Rc5 Rh6 27. Rxh5 Rxh5 28. Qxh5 Be4 29. Qh8+ Kxe7 30. Qh4+ Ke8 31. Qxe4+ 1-0

[Event "Late-Titled-Tuesday-Blitz-February-27-2024"]
[Site "Chess.com"]
[Date "2024.02.27"]
[Round "4"]
[White "AjedrezenMadrid"]
[Black "wqws"]
[Result "1-0"]
[WhiteElo "2530"]
[BlackElo "2678"]
[TimeControl "180+1"]
[EndTime "14:38:59 PST"]
[Termination "AjedrezenMadrid won by resignation"]

1. Nf3 Nf6 2. b3 g6 3. Bb2 Bg7 4. g3 O-O 5. Bg2 b6 6. O-O Bb7 7. e3 c5 8. Qe2 a5 9. a4 d5 10. Rd1 Nc6 11. d4 cxd4 12. exd4 Ba6 13. c4 Nb4 14.
Na3 Rc8 15. Ne5 Nd7 16. Nb5 Nb8 17. Rac1 e6 18. Ba3 Re8 19. Bxb4 axb4 20. cxd5 exd5 21. Rxc8 Bxc8 22. Qd2 Be6 23. Qxb4 Nd7 24. Nc6 Qf6 25. Nc7 Rc8 26. Ne7+ Qxe7 27. Qxe7 Rxc7 28. Qd8+ 1-0